[Event "7th Edmonton International"]
[Site "Edmonton"]
[Date "2012.07.02"]
[Round "9"]
[White "Kovalyov, Anton"]
[Black "Mikhalevski, Victor"]
[Result "1/2-1/2"]
[ECO "D90"]
[WhiteElo "2619"]
[BlackElo "2519"]
[Annotator " "]
[PlyCount "60"]
[EventDate "2012.06.27"]
[EventType "tourn"]
[EventRounds "9"]
[EventCountry "CAN"]
[EventCategory "6"]
[TimeControl "5400"]

1. Nf3 Nf6 2. c4 g6 3. Nc3 d5 4. cxd5 Nxd5 5. Qb3 Nb6 6. d4 Bg7 7. Bf4 Be6 8.
Qa3 Bc4 9. e4 Bxf1 10. Rxf1 O-O 11. O-O-O c6 12. h4 Qd7 13. h5 Qg4 14. Bg3 Qxh5
15. Rh1 Qg4 16. Qxe7 N8d7 17. Rh4 Qe6 18. Qxe6 fxe6 19. Kc2 Rae8 20. Bd6 Rf7
21. Rf4 Rxf4 22. Bxf4 c5 23. dxc5 Nxc5 24. Be5 Rc8 25. Rd4 Nca4 26. Kb3 Nc5+
27. Kc2 Nca4 28. Kb3 Nc5+ 29. Kc2 Nca4 30. Kb3 Nc5+ 1/2-1/2

[Event "7th Edmonton International"]
[Site "Edmonton"]
[Date "2012.07.02"]
[Round "9"]
[White "Krush, Irina"]
[Black "Porper, Edward"]
[Result "1-0"]
[ECO "A25"]
[WhiteElo "2457"]
[BlackElo "2414"]
[Annotator " "]
[PlyCount "219"]
[EventDate "2012.06.27"]
[EventType "tourn"]
[EventRounds "9"]
[EventCountry "CAN"]
[EventCategory "6"]
[TimeControl "5400"]

1. c4 Nf6 2. Nc3 Nc6 3. g3 e5 4. Bg2 Bc5 5. e3 O-O 6. Nge2 a6 7. O-O Ba7 8. b3
d6 9. Bb2 Bf5 10. h3 h5 11. f4 Qd7 12. Kh2 Bd3 13. Rf2 Rfe8 14. Nc1 Bg6 15. Qf1
exf4 16. gxf4 Bf5 17. Nd5 Nxd5 18. cxd5 Nb4 19. a3 Nc2 20. Ra2 f6 21. Re2 Qf7
22. Bc3 Bxe3 23. dxe3 Nxe3 24. Qg1 Nxg2 25. Qxg2 Kh7 26. Rxe8 Rxe8 27. Re2 Re7
28. Qf3 Kh6 29. Bd2 Qe8 30. Rxe7 Qxe7 31. Ne2 Qe4 32. Qxe4 Bxe4 33. Nc3 Bc2 34.
b4 Kg6 35. Kg3 Kf5 36. h4 c6 37. dxc6 bxc6 38. Kf3 Bb3 39. Be1 Bc4 40. Bf2 Bb3
41. Ke3 Bc2 42. Ne2 c5 43. Ng3+ Kg4 44. Ne4 cxb4 45. axb4 Ba4 46. Nxd6 Bc6 47.
Ne4 Bb5 48. Nc5 Kf5 49. Kf3 Bc6+ 50. Kg3 Bb5 51. Nb3 Bc4 52. Nd2 Be2 53. Nf3
Ke4 54. Ng1 Bg4 55. Bc5 Kf5 56. Be7 Bd1 57. Nh3 Bg4 58. Bf8 g6 59. Be7 Ke6 60.
Bd8 Kf5 61. Ng1 Bd1 62. Nf3 Ke4 63. Ne1 f5 64. Bb6 Bg4 65. Nc2 Be2 66. Nd4 Bc4
67. Nc6 Bb5 68. Ne5 Be8 69. Ba7 Ba4 70. Nxg6 Kd3 71. Ne5+ Ke2 72. Nf3 Bd7 73.
Nd4+ Kd3 74. Bc5 Bc8 75. Kf2 Bd7 76. Nf3 Ba4 77. Bd6 Bd1 78. Ne5+ Kd4 79. Ke1
Bb3 80. Kd2 Be6 81. Nd3 Bc4 82. Be5+ Ke4 83. Ne1 Bf1 84. Nc2 Bb5 85. Nd4 Bd7
86. Kc3 Kd5 87. Kd3 Be8 88. Nc2 Bb5+ 89. Kc3 Ke4 90. Nd4 Bf1 91. Kb3 Bd3 92.
Ka4 Ke3 93. Ne6 Kf3 94. Bf6 Bc4 95. Ng7 Kxf4 96. Nxh5+ Kg4 97. Ng7 f4 98. h5 f3
99. Bd4 Kg5 100. Be3+ Kf6 101. Ne8+ Ke5 102. Ka5 Be2 103. h6 Bd3 104. Nc7 Kf6
105. Nxa6 Kg6 106. Nc5 Bf5 107. b5 f2 108. Bxf2 Kxh6 109. b6 Bc8 110. Kb5 1-0

[Event "2012 Battle of Alberta"]
[Site "Red Deer"]
[Date "2012.08.18"]
[Round "2.3"]
[White "Pechenkin, Vladimir"]
[Black "Zhang, David"]
[Result "1/2-1/2"]
[ECO "A11"]
[WhiteElo "2425"]
[BlackElo "2285"]
[PlyCount "56"]
[EventDate "2012.08.18"]
[EventType "team-match"]
[EventRounds "2"]
[EventCountry "CAN"]
[WhiteTeam "North"]
[BlackTeam "South"]
[WhiteTeamCountry "CAN"]
[BlackTeamCountry "CAN"]
[TimeControl "5400"]

1. c4 c6 2. g3 d5 3. Nf3 Nf6 4. Bg2 g6 5. b3 Bg7 6. Bb2 dxc4 7. bxc4 Qb6 8. Qb3
O-O 9. O-O Rd8 10. d3 Na6 11. Nc3 Nc5 12. Qc2 Bf5 13. Rab1 Nxd3 14. exd3 Bxd3
15. Qb3 Qxb3 16. axb3 Nd7 17. Na4 b5 18. cxb5 cxb5 19. Bxg7 Kxg7 20. Nb2 Bxb1
21. Rxb1 Nb6 22. Re1 e6 23. Bf1 a6 24. Ra1 Nd5 25. Nd3 Rdc8 26. Nd4 Kf6 27. f4
Nc3 28. Bg2 Ra7 1/2-1/2

[Event "2013 Calgary International"]
[Site "Calgary"]
[Date "2013.05.15"]
[Round "2"]
[White "Kostadinov, Georgi"]
[Black "Jayakumar, Adarsh"]
[Result "0-1"]
[ECO "A90"]
[WhiteElo "2082"]
[BlackElo "2336"]
[PlyCount "64"]
[EventDate "2013.05.14"]
[EventType "swiss"]
[EventRounds "9"]
[EventCountry "CAN"]
[TimeControl "5400"]

1. d4 d5 2. c4 e6 3. Nf3 c6 4. g3 f5 5. Bg2 Nf6 6. O-O Bd6 7. b3 Qe7 8. Bb2 O-O
9. a3 b6 10. Ne5 a5 11. Nd2 Bb7 12. e3 Na6 13. Qe2 Rac8 14. Rfc1 c5 15. cxd5
exd5 16. Bh3 g6 17. Bf1 Nc7 18. Qd1 Ne6 19. Ndf3 Ne4 20. Bb5 Rc7 21. Nd3 Rfc8
22. dxc5 bxc5 23. Nfe5 N6g5 24. f3 Nh3+ 25. Kg2 Nhf2 26. Qc2 Nxd3 27. Nxd3 c4
28. fxe4 Qxe4+ 29. Kf2 cxd3 30. Qxd3 Rc2+ 31. Ke1 Qh1+ 32. Qf1 Qxh2 0-1

[Event "2013 Calgary International"]
[Site "Calgary"]
[Date "2013.05.15"]
[Round "2"]
[White "So, Wesley"]
[Black "Mikhalevski, Victor"]
[Result "1-0"]
[ECO "D90"]
[WhiteElo "2701"]
[BlackElo "2551"]
[PlyCount "99"]
[EventDate "2013.05.14"]
[EventType "swiss"]
[EventRounds "9"]
[EventCountry "CAN"]
[TimeControl "5400"]

1. d4 Nf6 2. c4 g6 3. Nc3 d5 4. Nf3 Bg7 5. Qa4+ Bd7 6. Qb3 dxc4 7. Qxc4 O-O 8.
Bf4 Na6 9. e4 c5 10. e5 Be6 11. exf6 Bxc4 12. fxg7 Kxg7 13. Bxc4 cxd4 14. Rd1
Qa5 15. Be5+ f6 16. Bxd4 Rfd8 17. O-O e5 18. Be3 Rxd1 19. Rxd1 Rd8 20. Rc1 Nb4
21. Ne4 Nxa2 22. Re1 Nb4 23. Nc5 Nc2 24. Nxb7 Qb4 25. Nxd8 Qxc4 26. Rc1 Qd5 27.
Ne6+ Kf7 28. Bd2 Qb3 29. Nd8+ Ke8 30. Nb7 Qxb2 31. Nd6+ Ke7 32. Nc4 Qa2 33. Ne3
Nxe3 34. Bxe3 a5 35. Nd2 a4 36. h4 Qd5 37. Rc5 Qd3 38. Ra5 Qc2 39. Kh2 h5 40.
f3 Qd3 41. Bh6 Qd4 42. Ne4 Qb4 43. Bd2 Qd4 44. Bc3 Qe3 45. Bd2 Qd4 46. Be1 Kf7
47. Bf2 Qb4 48. Ra7+ Ke8 49. Nxf6+ Kd8 50. Ra8+ 1-0

[Event "2013 Calgary International"]
[Site "Calgary"]
[Date "2013.05.15"]
[Round "3"]
[White "Jayakumar, Adarsh"]
[Black "Perelshteyn, Eugene"]
[Result "1/2-1/2"]
[ECO "E00"]
[WhiteElo "2336"]
[BlackElo "2517"]
[PlyCount "61"]
[EventDate "2013.05.14"]
[EventType "swiss"]
[EventRounds "9"]
[EventCountry "CAN"]
[TimeControl "5400"]

1. d4 Nf6 2. c4 e6 3. g3 Bb4+ 4. Bd2 Qe7 5. Bg2 Nc6 6. e3 e5 7. d5 Nb8 8. Nc3
Bxc3 9. Bxc3 d6 10. b4 h5 11. Nf3 Bf5 12. O-O Nbd7 13. Ng5 e4 14. Qc2 Bg6 15.
h4 Ne5 16. Qa4+ Qd7 17. Qxd7+ Nexd7 18. Rac1 O-O 19. c5 Rfe8 20. Rfd1 Ne5 21.
Bxe5 Rxe5 22. cxd6 cxd6 23. Rc7 Rb8 24. Rc4 Kf8 25. Rdd4 Rbe8 26. Rc7 R5e7 27.
Rcc4 Bf5 28. Bh3 Ng4 29. Bg2 Nf6 30. Bh3 Ng4 31. Bg2 1/2-1/2

[Event "2013 Calgary International"]
[Site "Calgary"]
[Date "2013.05.17"]
[Round "5"]
[White "Jayakumar, Adarsh"]
[Black "So, Wesley"]
[Result "0-1"]
[ECO "E04"]
[WhiteElo "2336"]
[BlackElo "2705"]
[PlyCount "62"]
[EventDate "2013.05.14"]
[EventType "swiss"]
[EventRounds "9"]
[EventCountry "CAN"]
[TimeControl "5400"]

1. d4 Nf6 2. c4 e6 3. g3 d5 4. Nf3 dxc4 5. Bg2 a6 6. O-O Nc6 7. Bg5 Be7 8. e3
Nd5 9. Bxe7 Qxe7 10. Qc2 b5 11. b3 Ncb4 12. Qd2 cxb3 13. axb3 Bb7 14. Rc1 O-O
15. Rc5 Nc6 16. Qc1 Qd7 17. Nbd2 b4 18. Qc2 f6 19. Ne1 Nce7 20. Nd3 Bc6 21.
Bxd5 Bxd5 22. Nxb4 Ra7 23. Rxa6 Rxa6 24. Nxa6 Ra8 25. Nxc7 Ra1+ 26. Nb1 Bc6 27.
e4 Qxc7 28. d5 exd5 29. exd5 Nxd5 30. Rxc6 Rxb1+ 31. Kg2 Qb7 0-1

[Event "2013 Calgary International"]
[Site "Calgary"]
[Date "2013.05.17"]
[Round "5"]
[White "Porper, Edward"]
[Black "Perelshteyn, Eugene"]
[Result "1/2-1/2"]
[ECO "A41"]
[WhiteElo "2423"]
[BlackElo "2517"]
[PlyCount "60"]
[EventDate "2013.05.14"]
[EventType "swiss"]
[EventRounds "9"]
[EventCountry "CAN"]
[TimeControl "5400"]

1. d4 d6 2. Nf3 g6 3. c4 Bg7 4. Nc3 Nc6 5. g3 Bg4 6. Bg2 Qc8 7. Qa4 Bd7 8. Qd1
Nf6 9. O-O O-O 10. b3 a6 11. Bb2 Rb8 12. Rc1 Bh6 13. e3 Bg4 14. Qd2 Qf5 15. Nh4
Qd7 16. d5 Nd8 17. Ne4 Nxe4 18. Bxe4 e5 19. f4 f5 20. Bf3 Nf7 21. Bxg4 fxg4 22.
c5 g5 23. Ng2 gxf4 24. exf4 Rbe8 25. c6 bxc6 26. Rxc6 exf4 27. gxf4 Re7 28. Qc3
Rfe8 29. Nh4 Re3 30. Qf6 Qe7 1/2-1/2

[Event "2013 Calgary International"]
[Site "Calgary"]
[Date "2013.05.17"]
[Round "5"]
[White "Van Kampen, Robin"]
[Black "Hansen, Eric"]
[Result "1/2-1/2"]
[ECO "B81"]
[WhiteElo "2580"]
[BlackElo "2577"]
[PlyCount "45"]
[EventDate "2013.05.14"]
[EventType "swiss"]
[EventRounds "9"]
[EventCountry "CAN"]
[TimeControl "5400"]

1. e4 c5 2. Nf3 d6 3. d4 cxd4 4. Nxd4 Nf6 5. Nc3 a6 6. Be3 e6 7. g4 e5 8. Nf5
Nc6 9. Bg2 g6 10. Qe2 gxf5 11. exf5 Rg8 12. h3 h5 13. Bf3 Bh6 14. O-O-O Bxe3+
15. Qxe3 Kf8 16. Kb1 Nd4 17. Qh6+ Rg7 18. Qh8+ Rg8 19. Qh6+ Rg7 20. Qh8+ Rg8
21. Qh6+ Rg7 22. Qh8+ Rg8 23. Qh6+ 1/2-1/2

[Event "2013 Calgary International"]
[Site "Calgary"]
[Date "2013.05.17"]
[Round "5"]
[White "Wang, Richard"]
[Black "Mikhalevski, Victor"]
[Result "1/2-1/2"]
[ECO "D90"]
[WhiteElo "2365"]
[BlackElo "2551"]
[PlyCount "97"]
[EventDate "2013.05.14"]
[EventType "swiss"]
[EventRounds "9"]
[EventCountry "CAN"]
[TimeControl "5400"]

1. d4 Nf6 2. Nf3 d5 3. e3 g6 4. c4 Bg7 5. cxd5 O-O 6. Be2 Nxd5 7. e4 Nb6 8. Nc3
Bg4 9. Be3 Nc6 10. d5 Bxf3 11. gxf3 Na5 12. Bd4 c5 13. Bxg7 Kxg7 14. Qd2 Nbc4
15. Bxc4 Nxc4 16. Qe2 Nd6 17. h4 b5 18. h5 Qa5 19. Qe3 Nc4 20. Qc1 Ne5 21. Kf1
b4 22. hxg6 Qa6+ 23. Ne2 fxg6 24. Qh6+ Kf7 25. Qxh7+ Ke8 26. Rd1 Qf6 27. f4 Nf7
28. Rg1 g5 29. e5 Nxe5 30. Rxg5 Nf7 31. Rf5 Rh8 32. Rxf6 Rxh7 33. Rg6 Kd7 34.
Ng3 Nd6 35. b3 Rh4 36. f5 Rf8 37. Rc1 Nxf5 38. Nxf5 Rxf5 39. Rxc5 Rhf4 40. Rc2
a5 41. Rd2 Rf6 42. Rg8 Rf8 43. Rg7 R8f7 44. Rxf7 Rxf7 45. Rc2 Rf3 46. Rc5 a4
47. bxa4 Ra3 48. Rc4 Rxa4 49. a3 1/2-1/2

[Event "2013 Calgary International"]
[Site "Calgary"]
[Date "2013.05.18"]
[Round "6"]
[White "Hansen, Eric"]
[Black "Perelshteyn, Eugene"]
[Result "1/2-1/2"]
[ECO "C65"]
[WhiteElo "2577"]
[BlackElo "2517"]
[PlyCount "143"]
[EventDate "2013.05.14"]
[EventType "swiss"]
[EventRounds "9"]
[EventCountry "CAN"]
[TimeControl "5400"]

1. e4 e5 2. Nf3 Nc6 3. Bb5 Nf6 4. d3 d6 5. O-O Be7 6. c3 O-O 7. Re1 Bg4 8. Nbd2
a6 9. Bxc6 bxc6 10. h3 Bh5 11. Nf1 Nd7 12. g4 Bg6 13. Ng3 Re8 14. d4 Bf8 15.
dxe5 dxe5 16. Be3 Nc5 17. Bxc5 Qxd1 18. Raxd1 Bxc5 19. Rd7 Bd6 20. Nf5 Rad8 21.
Rxd8 Rxd8 22. Nd2 Bf8 23. Nc4 f6 24. Kf1 Bf7 25. Nfe3 h5 26. Ke2 hxg4 27. hxg4
Be6 28. g5 Kf7 29. gxf6 gxf6 30. Na5 c5 31. b3 Bd6 32. Rh1 Kg6 33. Rg1+ Kf7 34.
Rh1 Kg6 35. Rg1+ Kf7 36. Nf5 Rh8 37. Nxd6+ cxd6 38. Nb7 Ke7 39. Rg7+ Kf8 40.
Rg6 Rh3 41. c4 Ke7 42. Rg7+ Kf8 43. Rc7 Bg4+ 44. Kd2 Rh1 45. f3 Bxf3 46. Ke3
Bh5 47. Nxd6 Re1+ 48. Kf2 Re2+ 49. Kg3 Rxa2 50. Nb7 Bd1 51. Nxc5 a5 52. Rd7 Ra1
53. Ra7 Ra2 54. Rd7 Ra1 55. Kf2 Ke8 56. Rb7 a4 57. Nxa4 Bxb3 58. Nb6 Rc1 59.
Rc7 Kd8 60. Rc6 Bc2 61. Ke3 Ra1 62. Rc8+ Ke7 63. Nd5+ Kf7 64. Rc7+ Kg6 65. Nc3
f5 66. Rc6+ Kg5 67. exf5 Kxf5 68. Rc8 Rh1 69. Rf8+ Ke6 70. Re8+ Kf5 71. Rf8+
Ke6 72. Re8+ 1/2-1/2

[Event "2013 Calgary International"]
[Site "Calgary"]
[Date "2013.05.18"]
[Round "6"]
[White "Wang, Richard"]
[Black "Van Kampen, Robin"]
[Result "0-1"]
[ECO "E90"]
[WhiteElo "2365"]
[BlackElo "2580"]
[PlyCount "66"]
[EventDate "2013.05.14"]
[EventType "swiss"]
[EventRounds "9"]
[EventCountry "CAN"]
[TimeControl "5400"]

1. d4 Nf6 2. Nf3 g6 3. c4 Bg7 4. Nc3 O-O 5. e4 d6 6. h3 e5 7. d5 Nh5 8. g3 a5
9. Be2 Na6 10. Bg5 f6 11. Bc1 f5 12. exf5 gxf5 13. Nh4 Nf6 14. g4 f4 15. Ng2
Nc5 16. f3 Bd7 17. O-O c6 18. Bd3 cxd5 19. cxd5 b5 20. Ne4 Nfxe4 21. Bxe4 Nxe4
22. fxe4 h5 23. gxh5 Bxh3 24. Qf3 Bd7 25. Bd2 Qg5 26. Rac1 Bg4 27. Qf2 Bxh5 28.
Qh4 Qg6 29. Kh2 Bf6 30. Qe1 Ra7 31. Rc3 Bg4 32. Kg1 Rh7 33. Qf2 Qh5 0-1

[Event "2013 Calgary International"]
[Site "Calgary"]
[Date "2013.05.18"]
[Round "7"]
[White "Perelshteyn, Eugene"]
[Black "So, Wesley"]
[Result "0-1"]
[ECO "D85"]
[WhiteElo "2517"]
[BlackElo "2705"]
[PlyCount "110"]
[EventDate "2013.05.14"]
[EventType "swiss"]
[EventRounds "9"]
[EventCountry "CAN"]
[TimeControl "5400"]

1. d4 Nf6 2. c4 g6 3. Nc3 d5 4. cxd5 Nxd5 5. Bd2 Bg7 6. e4 Nxc3 7. Bxc3 O-O 8.
Rc1 c5 9. dxc5 Qxd1+ 10. Kxd1 Rd8+ 11. Kc2 Bxc3 12. Kxc3 Be6 13. Nf3 Nd7 14.
Kb4 Rac8 15. Be2 Nf6 16. Bc4 Nxe4 17. Bxe6 fxe6 18. Rc2 b6 19. c6 Rd5 20. Re1
Nc5 21. Ne5 Rxe5 22. Rxe5 Nd3+ 23. Kb5 Nxe5 24. c7 Kf8 25. Ka6 Nf7 26. a4 Nd6
27. Kxa7 Ke8 28. Kxb6 Kd7 29. b4 Rf8 30. b5 Kc8 31. Ka7 Rf4 32. Ra2 Rf5 33. Kb6
Nc4+ 34. Kc6 Rd5 35. f4 Rd6+ 36. Kc5 Nd2 37. a5 Kxc7 38. b6+ Kb8 39. Kb5 Ne4
40. Ra1 Rd5+ 41. Kc6 Rd6+ 42. Kb5 Nc3+ 43. Kc5 Rd5+ 44. Kb4 Ne4 45. Re1 Nc5 46.
Kc4 Kb7 47. Rxe6 Nxe6 48. Kxd5 Nxf4+ 49. Ke5 Nxg2 50. Ke6 Nh4 51. Kxe7 Nf3 52.
h3 Ng5 53. Kd6 Nxh3 54. Kc5 Nf4 55. Kb5 Nd5 0-1

[Event "2013 Calgary International"]
[Site "Calgary"]
[Date "2013.05.18"]
[Round "7"]
[White "Porper, Edward"]
[Black "Hansen, Eric"]
[Result "1-0"]
[ECO "D02"]
[WhiteElo "2423"]
[BlackElo "2577"]
[PlyCount "71"]
[EventDate "2013.05.14"]
[EventType "swiss"]
[EventRounds "9"]
[EventCountry "CAN"]
[TimeControl "5400"]

1. Nf3 g6 2. g3 Bg7 3. Bg2 Nf6 4. O-O O-O 5. d4 d5 6. Ne5 Ng4 7. Nxg4 Bxg4 8.
c4 Nc6 9. cxd5 Nxd4 10. Nc3 c6 11. h3 Bd7 12. Bg5 cxd5 13. Nxd5 Re8 14. Nc3 Bc6
15. Bxc6 Nxc6 16. Qxd8 Rexd8 17. Rac1 f5 18. Be3 Kf7 19. Na4 Rac8 20. Nc5 b6
21. Nd3 e5 22. f3 Ke6 23. Rc2 Ne7 24. Rfc1 e4 25. fxe4 fxe4 26. Nf4+ Kd7 27.
Rd2+ Ke8 28. Rxd8+ Rxd8 29. Ne6 Rd7 30. Nxg7+ Kf7 31. Bh6 g5 32. Bxg5 Kxg7 33.
Bxe7 Rxe7 34. Kf2 Kf6 35. Ke3 Rg7 36. Kf4 1-0

[Event "2013 Calgary International"]
[Site "Calgary"]
[Date "2013.05.19"]
[Round "8"]
[White "Hansen, Eric"]
[Black "Ebrahim-Shirazi, Behrooz"]
[Result "1-0"]
[ECO "C16"]
[WhiteElo "2577"]
[BlackElo "2063"]
[PlyCount "55"]
[EventDate "2013.05.14"]
[EventType "swiss"]
[EventRounds "9"]
[EventCountry "CAN"]
[TimeControl "5400"]

1. e4 e6 2. d4 d5 3. Nc3 Bb4 4. e5 b6 5. a3 Bf8 6. Bb5+ c6 7. Ba4 a5 8. Nce2
Ba6 9. c3 Ne7 10. Ng3 Qc7 11. Nh3 b5 12. Bc2 c5 13. O-O Nd7 14. Bd3 cxd4 15.
cxd4 Nc6 16. Be3 Qb6 17. Ng5 b4 18. Bxa6 Qxa6 19. axb4 Bxb4 20. Qh5 g6 21. Qh3
h5 22. Rfc1 Kf8 23. Ne2 Nd8 24. Nf4 Be7 25. Nxd5 exd5 26. Qxd7 Bxg5 27. Bxg5
Qe6 28. Qc7 1-0

[Event "2013 Calgary International"]
[Site "Calgary"]
[Date "2013.05.19"]
[Round "8"]
[White "Porper, Edward"]
[Black "Van Kampen, Robin"]
[Result "1/2-1/2"]
[ECO "E63"]
[WhiteElo "2423"]
[BlackElo "2580"]
[PlyCount "119"]
[EventDate "2013.05.14"]
[EventType "swiss"]
[EventRounds "9"]
[EventCountry "CAN"]
[TimeControl "5400"]

1. d4 g6 2. c4 Nf6 3. g3 Bg7 4. Bg2 O-O 5. Nc3 d6 6. Nf3 Nc6 7. O-O a6 8. b3
Rb8 9. Nd5 e6 10. Nxf6+ Qxf6 11. Bb2 Qe7 12. Qd2 e5 13. dxe5 dxe5 14. Rad1 Bf5
15. Qe3 Rfe8 16. Rd2 Qf8 17. Rdd1 Nd4 18. Nxd4 exd4 19. Qf3 c5 20. e3 Be4 21.
Qe2 Bxg2 22. Kxg2 b5 23. Qd3 dxe3 24. Bxg7 Qxg7 25. fxe3 Qe5 26. Rf3 Qe6 27.
cxb5 axb5 28. Qd5 Ra8 29. Rf2 Qe7 30. Rdf1 Qe4+ 31. Qxe4 Rxe4 32. Rxf7 Rxa2+
33. R7f2 Ra7 34. Re2 Rae7 35. Rf3 R7e5 36. Rc2 Rxe3 37. Rxe3 Rxe3 38. Rxc5 Rxb3
39. Rc7 Rb2+ 40. Kh3 b4 41. Rb7 h5 42. g4 hxg4+ 43. Kxg4 b3 44. Kg5 Rg2+ 45.
Kf6 b2 46. h3 Kh8 47. Rb4 Kg8 48. Rb7 Kh8 49. Rb4 Kh7 50. Rh4+ Kg8 51. Rb4 Rg3
52. Rxb2 Kh7 53. Ke5 Rxh3 54. Kf4 Ra3 55. Kg4 Ra5 56. Rb1 Kh6 57. Rh1+ Kg7 58.
Rb1 Kh6 59. Rh1+ Kg7 60. Rb1 1/2-1/2

[Event "8th Edmonton International"]
[Site "Edmonton Canada"]
[Date "2013.06.24"]
[Round "2"]
[White "Hansen, Eric"]
[Black "Doroshenko, Maxim"]
[Result "0-1"]
[ECO "B12"]
[WhiteElo "2577"]
[BlackElo "2336"]
[PlyCount "78"]
[EventDate "2013.06.23"]
[EventType "tourn"]
[EventRounds "9"]
[EventCountry "CAN"]
[TimeControl "5400"]

1. e4 c6 2. d4 d5 3. e5 Bf5 4. Nf3 e6 5. Be2 Ne7 6. O-O Nd7 7. Nbd2 h6 8. Nb3
a6 9. Bd2 Ng6 10. Ne1 h5 11. h3 c5 12. Bxh5 Qh4 13. Bg4 Bxg4 14. Qxg4 Qxg4 15.
hxg4 c4 16. Nc1 f6 17. exf6 gxf6 18. Ne2 Bd6 19. g3 Kf7 20. f4 Ne7 21. Nf3 Rag8
22. g5 Nf5 23. Kg2 Be7 24. gxf6 Bxf6 25. Rh1 Nh4+ 26. Nxh4 Bxh4 27. Bb4 Be7 28.
Bxe7 Kxe7 29. Rxh8 Rxh8 30. Rh1 Rxh1 31. Kxh1 b5 32. Kg2 b4 33. g4 a5 34. Kf3
a4 35. g5 Kf7 36. Kg4 Kg6 37. c3 a3 38. bxa3 b3 39. axb3 cxb3 0-1

[Event "8th Edmonton International"]
[Site "Edmonton Canada"]
[Date "2013.06.24"]
[Round "2"]
[White "Perez Garcia, Rodney"]
[Black "Gardner, Robert"]
[Result "1-0"]
[ECO "B08"]
[WhiteElo "2364"]
[BlackElo "2213"]
[PlyCount "105"]
[EventDate "2013.06.23"]
[EventType "tourn"]
[EventRounds "9"]
[EventCountry "CAN"]
[TimeControl "5400"]

1. e4 d6 2. d4 Nf6 3. Nc3 g6 4. Nf3 Bg7 5. Be2 O-O 6. O-O e6 7. Re1 Nc6 8. Bf4
b6 9. Qd2 Bb7 10. Bh6 Ne7 11. Bxg7 Kxg7 12. e5 dxe5 13. dxe5 Ne4 14. Nxe4 Bxe4
15. Qf4 Bb7 16. Rad1 Nd5 17. Qc1 Qe7 18. a3 c5 19. c4 Nc7 20. Rd6 Rfd8 21. Red1
Ne8 22. R6d2 Bc6 23. b3 Rac8 24. h3 Rxd2 25. Qxd2 Rc7 26. Qd8 Qxd8 27. Rxd8
Bxf3 28. Bxf3 Kf8 29. Be4 Ke7 30. Ra8 f6 31. f4 f5 32. Bf3 h5 33. Kf2 h4 34. g3
hxg3+ 35. Kxg3 Kf7 36. Kh4 Ng7 37. Kg5 Rd7 38. Kh6 Rd3 39. Rxa7+ Kf8 40. Ra8+
Kf7 41. Ra7+ Kf8 42. Kxg6 Rxf3 43. Rf7+ Ke8 44. Rxg7 Rxf4 45. Kf6 Rh4 46. Kxe6
Rh6+ 47. Kxf5 Rxh3 48. Ke6 Kf8 49. Rf7+ Kg8 50. b4 Rxa3 51. bxc5 bxc5 52. Rc7
Ra5 53. Kf6 1-0

[Event "8th Edmonton International"]
[Site "Edmonton Canada"]
[Date "2013.06.24"]
[Round "2"]
[White "Short, Nigel"]
[Black "Bruzon, Lazaro"]
[Result "0-1"]
[ECO "E06"]
[WhiteElo "2682"]
[BlackElo "2687"]
[PlyCount "46"]
[EventDate "2013.06.23"]
[EventType "tourn"]
[EventRounds "9"]
[EventCountry "CAN"]
[TimeControl "5400"]

1. c4 e6 2. g3 d5 3. Bg2 Nf6 4. Nf3 Be7 5. d4 O-O 6. Qc2 c5 7. dxc5 Qa5+ 8. Nc3
dxc4 9. O-O Nc6 10. Bg5 Qxc5 11. Rfd1 Nb4 12. Qa4 Bd7 13. Rxd7 Nxd7 14. Qxd7
Bxg5 15. a3 Nc2 16. Rb1 Rfd8 17. Qxb7 Rab8 18. Qa6 Bf6 19. Ne4 Qb5 20. Nxf6+
gxf6 21. Qxa7 Rd7 22. a4 Rxa7 23. axb5 Rxb5 0-1

[Event "8th Edmonton International"]
[Site "Edmonton Canada"]
[Date "2013.06.24"]
[Round "2"]
[White "Wang, Richard"]
[Black "Haessel, Dale"]
[Result "1-0"]
[ECO "D05"]
[WhiteElo "2371"]
[BlackElo "2171"]
[PlyCount "51"]
[EventDate "2013.06.23"]
[EventType "tourn"]
[EventRounds "9"]
[EventCountry "CAN"]
[TimeControl "5400"]

1. d4 Nf6 2. Nf3 d5 3. e3 e6 4. Bd3 c5 5. b3 Nc6 6. O-O Be7 7. Bb2 O-O 8. Nbd2
b6 9. Ne5 Qc7 10. a3 Nxe5 11. dxe5 Nd7 12. f4 f5 13. c4 g6 14. cxd5 exd5 15.
Qf3 Bb7 16. Qh3 h5 17. g4 fxg4 18. Qg3 Qc6 19. f5 gxf5 20. Bxf5 Rxf5 21. Rxf5
Qg6 22. Raf1 Nf8 23. e6 Nxe6 24. Qe5 d4 25. Rf6 Bxf6 26. Rxf6 1-0

[Event "8th Edmonton International"]
[Site "Edmonton Canada"]
[Date "2013.06.25"]
[Round "3"]
[White "Bruzon, Lazaro"]
[Black "Wang, Richard"]
[Result "1-0"]
[ECO "A31"]
[WhiteElo "2687"]
[BlackElo "2371"]
[PlyCount "59"]
[EventDate "2013.06.23"]
[EventType "tourn"]
[EventRounds "9"]
[EventCountry "CAN"]
[TimeControl "5400"]

1. Nf3 c5 2. c4 Nc6 3. d4 cxd4 4. Nxd4 Qb6 5. Nb3 Nf6 6. Nc3 e6 7. a3 Be7 8. e4
d6 9. Be2 O-O 10. O-O Qc7 11. Be3 b6 12. Rc1 Rd8 13. f4 Ba6 14. Nd2 Rac8 15. b4
Bb7 16. Bf3 Qb8 17. Qe2 Bf8 18. Nb3 g6 19. Bf2 Bg7 20. Bh4 Rd7 21. Rfd1 Ne7 22.
Nb5 Ne8 23. c5 Ba6 24. a4 bxc5 25. bxc5 g5 26. Bxg5 Ng6 27. f5 exf5 28. exf5
Ne5 29. c6 Rdc7 30. N3d4 1-0

[Event "8th Edmonton International"]
[Site "Edmonton Canada"]
[Date "2013.06.25"]
[Round "3"]
[White "Gardner, Robert"]
[Black "Hansen, Eric"]
[Result "0-1"]
[ECO "E46"]
[WhiteElo "2213"]
[BlackElo "2577"]
[Annotator "."]
[PlyCount "54"]
[EventDate "2013.06.23"]
[EventType "tourn"]
[EventRounds "9"]
[EventCountry "CAN"]
[TimeControl "5400"]

1. d4 Nf6 2. c4 e6 3. Nc3 Bb4 4. e3 O-O 5. Nge2 d5 6. a3 Be7 7. Ng3 c6 8. b3
Nbd7 9. Bd3 c5 10. cxd5 cxd4 11. exd4 Nxd5 12. Nxd5 Qa5+ 13. Nb4 Bxb4+ 14. axb4
Qxa1 15. Ne2 a5 16. O-O axb4 17. Qc2 Nf6 18. Bb2 Qa5 19. d5 Qxd5 20. Nf4 Qg5
21. g3 Ra5 22. h4 Qc5 23. Qe2 e5 24. Rc1 Qd6 25. Rd1 Qb6 26. Nh5 Nxh5 27. Qxh5
e4 0-1

[Event "8th Edmonton International"]
[Site "Edmonton Canada"]
[Date "2013.06.25"]
[Round "3"]
[White "Haessel, Dale"]
[Black "Perez Garcia, Rodney"]
[Result "1/2-1/2"]
[ECO "D45"]
[WhiteElo "2171"]
[BlackElo "2364"]
[PlyCount "43"]
[EventDate "2013.06.23"]
[EventType "tourn"]
[EventRounds "9"]
[EventCountry "CAN"]
[TimeControl "5400"]

1. d4 d5 2. Nf3 Nf6 3. c4 c6 4. e3 e6 5. Nc3 a6 6. b3 Bb4 7. Bd2 Nbd7 8. Bd3
O-O 9. O-O Bd6 10. Qc2 e5 11. cxd5 cxd5 12. e4 exd4 13. Nxd5 Nxd5 14. exd5 Nf6
15. Qc4 Bg4 16. Qxd4 Rc8 17. Rad1 Bc5 18. Qf4 Bd6 19. Qd4 Bc5 20. Qf4 Bd6 21.
Qd4 Bc5 22. Qf4 1/2-1/2

[Event "8th Edmonton International"]
[Site "Edmonton Canada"]
[Date "2013.06.25"]
[Round "3"]
[White "Mikhalevski, Victor"]
[Black "Short, Nigel"]
[Result "1-0"]
[ECO "A10"]
[WhiteElo "2551"]
[BlackElo "2682"]
[PlyCount "133"]
[EventDate "2013.06.23"]
[EventType "tourn"]
[EventRounds "9"]
[EventCountry "CAN"]
[TimeControl "5400"]

1. c4 b6 2. Nc3 Bb7 3. e4 e5 4. d3 Bc5 5. g3 f5 6. Bg2 Nf6 7. Nf3 O-O 8. O-O d6
9. exf5 Qc8 10. a3 a5 11. Nb5 Na6 12. d4 exd4 13. Nbxd4 Bxd4 14. Nxd4 Nc5 15.
b3 Bxg2 16. Kxg2 Qb7+ 17. Qf3 Qxf3+ 18. Kxf3 Nfd7 19. g4 a4 20. b4 Ne5+ 21. Kg3
Ne4+ 22. Kg2 Nxc4 23. b5 Nc5 24. Ra2 Rae8 25. Rc2 Ne5 26. f3 Ned7 27. Rd1 h6
28. Kf1 Rf7 29. Bf4 Kh7 30. h3 Nf6 31. Kf2 Nd5 32. Bc1 Rfe7 33. Ne6 Nf6 34. Bb2
Kg8 35. Bxf6 gxf6 36. Nf4 Rf7 37. Nd5 Kf8 38. Re2 Re5 39. Rd4 Ke8 40. f4 Rxe2+
41. Kxe2 Kd7 42. Kf3 Rf8 43. Kg3 c6 44. bxc6+ Kxc6 45. Kh4 Nb3 46. Nb4+ Kc5 47.
Rd5+ Kc4 48. Rxd6 b5 49. Rc6+ Kd4 50. Kh5 Na5 51. Rd6+ Kc3 52. Rd3+ Kb2 53.
Kxh6 Nb3 54. Kg7 Ra8 55. g5 Kxa3 56. Nd5 fxg5 57. fxg5 Kb2 58. f6 a3 59. Nb4
Nc5 60. Re3 Na6 61. Nxa6 Rxa6 62. f7 Ra7 63. Kg8 Rxf7 64. Kxf7 b4 65. g6 a2 66.
Re2+ Ka3 67. Rxa2+ 1-0